 Dungeon Crawl Stone Soup version 0.27-a0-1136-g0b992a5a9d (webtiles) character file.

Game seed: 13062395386501050012

32 jestyr24 the Magician (level 3, 0/25 HPs)
             Began as a Djinni Conjurer on May 4, 2021.
             Killed from afar by Sigmund (7 damage)
             ... with a magic dart
             ... on level 2 of the Dungeon.
             The game lasted 00:03:29 (1823 turns).

jestyr24 the Magician (Djinni Conjurer)             Turns: 1823, Time: 00:03:30

Health: 0/25       AC:  2    Str:  6    XL:     3   Next: 25%
Gold:   38         EV: 12    Int: 20    God:
                   SH:  0    Dex: 11

rFire    + + .     SeeInvis .   h - +2 dagger (holy)
rCold    x . .     Faith    .   (no shield)
rNeg     . . .     Spirit   .   a - +0 robe
rPois    ∞         Reflect  .   (no helmet)
rElec    .         Harm     .   (no cloak)
rCorr    .         Rampage  .   (no gloves)
Will     .....                  (boots unavailable)
Stlth    ++........             (no amulet)
HPRegen  0.08/turn              (no ring)
MPRegen  0.00/turn              (no ring)

@: flying
A: sickness immunity, fire resistance 2, cold vulnerability 1, float, innate
caster, hp casting, extra vitality 1
a: no special abilities


You were on level 2 of the Dungeon.
You visited 1 branch of the dungeon, and saw 2 of its levels.

You collected 38 gold pieces.

Inventory:

Hand Weapons
 h - a +2 dagger of holy wrath (weapon)
Armour
 a - a +0 robe (worn)
Scrolls
 c - 2 scrolls of identify {unknown}
 e - a scroll of magic mapping {unknown}
 i - a scroll of acquirement {unknown}
Potions
 b - a potion of heal wounds {unknown}
 d - 2 potions of attraction {unknown}
 f - a potion of curing {unknown}
 g - a potion of resistance {unknown}


   Skills:
 + Level 2.3 Dodging
 + Level 1.7 Stealth
 + Level 4.3 Spellcasting


You couldn't memorise any spells.
You knew the following spells:

 Your Spells              Type           Power      Damage    Failure   Level
a - Magic Dart            Conj           84%        1d7       1%          1
b - Searing Ray           Conj           42%        3d4       3%          2
c - Dazzling Flash        Conj/Hex       42%        N/A       6%          3
d - Fulminant Prism       Conj/Hex       10%        3d9       21%         4
e - Iskenderun's Mystic   Conj/Tloc      21%        2d6       21%         4
f - Freeze                Ice            84%        1d10      1%          1
Your spell library was empty.

Dungeon Overview and Level Annotations

Branches:
Dungeon (2/15)

Altars:

Annotations:
D:2 Sigmund


Innate Abilities, Weirdness & Mutations

You are immune to sickness and miasma.
You are immune to poison.
Your flesh is very heat resistant. (rF++)
You are vulnerable to cold. (rC-)
You float through the air rather than walking.
You learn spells naturally, not from books.
Your magical power is your life essence.
You have superior vitality. (+4 HP)


Message History

Sigmund is heavily wounded.
Sigmund hits you from afar with a +0 scythe.
The searing ray hits Sigmund!
Sigmund is almost dead.
You finish channeling your searing ray.
Sigmund casts a spell at you.
You are confused.
You're too confused to cast spells.
You're too confused to move!
Sigmund closely misses you.
Unknown command.
Unknown command.
You're too confused to cast spells.
Sigmund misses you.
Found a scroll labelled GIOSTAFITH.
Unknown command.
Unknown command.
Unknown command.
Unknown command.
Unknown command.
You're too confused to cast spells.
Sigmund hits you with a +0 scythe. Sigmund hits you with a +0 scythe.
You're too confused to cast spells.
You feel less confused. Sigmund completely misses you.
Casting: Searing Ray (safe; 3% risk of failure)
Confirm with . or Enter, or press ? or * to list all spells.
Aiming: Searing Ray (safe; 3% risk of failure)
Press: ? - help, Shift-Dir - straight line, f/p - Sigmund
Aim: Sigmund, wielding a +0 scythe and wearing a +0 robe (almost dead, 75% to hit)
The searing ray hits Sigmund.
Sigmund is almost dead. (Press . to maintain the ray.) Sigmund points at you and mumbles some strange words.
You resist with some effort.
The searing ray misses Sigmund.
* * * LOW HITPOINT WARNING * * *
Sigmund points at you and mumbles some strange words.
The magic dart hits you!
You die...

.....#...##.# ..........#.## #?
#.# .# ###..........# #. #.# @#
#######.≈P...# #. #.# .### #.# .
...# #.♣≈...###. #.# .#.. ... .
...####P♣≈..P≈##. #.# .#.# #.# #
.....#≈♣≈P..≈≈♣#.##.# .#.# #.# #
####.♣♣≈P..÷≈≈≈♣♣≈#.###.#.# #.###
♣P≈≈≈...≈≈≈@≈♣.....#.###....
♣≈≈P.÷.≈P≈≈≈≈@.#####.......#
♣P≈≈...≈≈P≈P≈♣.....#..##....
♣≈≈≈...♣P≈≈≈≈♣...........###
#♣♣≈P....≈≈≈≈≈≈♣..##.##.......
####.♣≈≈≈..≈≈≈≈≈≈≈≈..##.######..#
.....♣≈P≈..≈P≈≈≈P≈...##.# #...
######≈P≈...≈≈≈≈≈.##.##.# #.##
##♣...≈≈≈≈P≈.##.##.# #.#.


You could see Sigmund.

Vanquished Creatures
  3 endoplasms (D:1)
  2 giant cockroaches
  5 goblins
  5 hobgoblins
  3 quokkas
  A ball python (D:1)
  3 bats
  2 frilled lizards (D:1)
  3 kobolds (D:1)
27 creatures vanquished.

Vanquished Creatures (others)
  A plant (D:2)
1 creature vanquished.

Grand Total: 28 creatures vanquished

Notes
Turn   | Place    | Note
-------+----------+-------------------------------------------
     0 | D:1      | jestyr24 the Djinni Conjurer began the quest for the Orb.
     0 | D:1      | Reached XP level 1. HP: 15/15 MP: 0/0
   332 | D:1      | Reached XP level 2. HP: 19/21 MP: 0/0
   421 | D:1      | Reached skill level 4 in Spellcasting
   485 | D:1      | Found a faded altar of an unknown god.
  1393 | D:2      | Reached XP level 3. HP: 22/25 MP: 0/0
  1393 | D:2      | Learned a level 1 spell: Freeze
  1801 | D:2      | Noticed Sigmund
  1823 | D:2      | Killed from afar by Sigmund

Illustrated notes

Levels and vault maps discovered:
D:1:      mainiacjoe_arrival_reflecting_pool, layout_loops_corners,
          shapermc_ecumenical_altar_notcrosses, minmay_pentomino_v4
D:2:      layout_loops_corners, columned_hall_lemuel, serial_bayou_ford_a,
          st_stairs_12, dk_vineyard_1, uniq_sigmund

Skill      XL: |  1  2 |
---------------+-------+-----
Spellcasting   | 4 |  4.3
Dodging        | |  2.3
Stealth        | |  1.7

Action                   || total
-------------------------++-------
Melee: Dagger            ||     9
 Cast: Magic Dart        ||    50
       Searing Ray       ||     2
Armor: Robe              ||     1
Dodge: Dodged            ||    11

Table legend: (Time is in decaauts)
 A = Elapsed time spent in this place.
 B = Non-inter-level travel time spent in this place.
 C = Inter-level travel time spent in this place.
 D = Time resting spent in this place.
 E = Time spent auto-exploring this place.
 F = Levels seen in this place.
 G = Mean time per level.
                   A        B        C        D        E       F      G
               +--------+--------+--------+--------+--------+-----+--------+
         Total |   1822 |   1752 |     70 |      0 |   1618 |   2 |  911.0 |
       Dungeon |   1822 |   1752 |     70 |      0 |   1618 |   2 |  911.0 |
               +--------+--------+--------+--------+--------+-----+--------+

Top non-repeatable levels by time:
     D:1: 1389 daAuts
     D:2: 432 daAuts
